 Dungeon Crawl Stone Soup version 0.28.0-45-g0d030f2227 (webtiles) character file.

Game seed: 5942852795591957379

7265 MisterFreud the Transmogrifier (level 10, -19/105 HPs)
             Began as a Black Draconian Transmuter on May 22, 2022.
             Was an Elder of Cheibriados.
             Shot with an arrow by a centaur warrior (21 damage)
             ... on level 9 of the Dungeon.
             The game lasted 00:16:52 (12727 turns).

MisterFreud the Transmogrifier (DrTm)              Turns: 12727, Time: 00:16:53

Health: -19/105    AC: 12    Str: 24    XL:     10   Next: 89%
Magic:  0/25       EV: 17    Int: 24    God:    Cheibriados [****..]
Gold:   392        SH:  0    Dex: 29    Spells: 2/17 levels left

rFire   x . .      SeeInvis .     - Unarmed
rCold   + + +      Faith    .   (shield currently unavailable)
rNeg    . . .      Spirit   +   (armour unavailable)
rPois   +          Reflect  .   (helmet currently unavailable)
rElec   .          Harm     .   (cloak currently unavailable)
rCorr   .          Rampage  .   (gloves currently unavailable)
Will    +....                   (boots currently unavailable)
Stlth   ++........              e - amulet of guardian spirit
HPRegen 0.27/turn               x - ring of Satisfaction {Fly rF+ Will+ MP+9}
MPRegen 0.19/turn               p - ring "Vaoprio" {rF- AC+4 Str+3 Dex+5}

@: ice-form, flying, very slow
A: freezing attack, amphibious, boosted hp, (breathe lightning), AC +7, large,
unfitting armour, (electricity resistance), (cold-blooded)
a: End Transformation, Renounce Religion, Bend Time, Temporal Distortion, Slouch


You were on level 9 of the Dungeon.
You worshipped Cheibriados.
Cheibriados was greatly pleased with you.
You were a creature of crystalline ice.
You visited 2 branches of the dungeon, and saw 10 of its levels.

You collected 392 gold pieces.

Inventory:

Missiles
 b - 25 poisoned darts
 k - 4 throwing nets
 B - 5 javelins
Armour
 f - a +1 pair of gloves (melded)
 m - a +0 pair of boots (melded)
Jewellery
 e - an amulet of guardian spirit (around neck)
 l - a ring of protection from cold
 n - a +6 ring of intelligence
 p - the ring "Vaoprio" (right front paw) {rF- AC+4 Str+3 Dex+5}
   (You took it off an orc priest on level 6 of the Dungeon)

   [ring of protection]

   AC:        It affects your AC (+4).
   Str:       It affects your strength (+3).
   Dex:       It affects your dexterity (+5).
   rF:        It makes you vulnerable to fire.
 v - a ring of protection from fire
 x - the ring of Satisfaction (left front paw) {Fly rF+ Will+ MP+9}
   (You found it on level 7 of the Dungeon)

   [ring of flight]

   rF:        It protects you from fire.
   MP:        It affects your magic capacity (+9).
   Fly:       It grants you flight.
   Will:      It increases your willpower.
 z - a ring of wizardry
Wands
 q - a wand of charming (7)
 r - a wand of flame (25)
 u - a wand of iceblast (31)
Scrolls
 d - a scroll of silence {unknown}
 g - a scroll of torment {unknown}
 h - 2 scrolls of fear
 o - a scroll of enchant armour
 s - a scroll of enchant weapon {unknown}
 y - a scroll of holy word {unknown}
 A - 2 scrolls of teleportation
 C - 3 scrolls of magic mapping {unknown}
Potions
 a - 2 potions of curing
 c - 2 potions of mutation
 i - 3 potions of ambrosia
 j - 2 potions of lignification
 t - a potion of brilliance
 w - a potion of might {unknown}


   Skills:
 - Level 8.0 Fighting
 + Level 7.8 Dodging
 - Level 8.0 Unarmed Combat
 - Level 4.0 Spellcasting
 - Level 4.0 Conjurations
 - Level 8.0 Transmutations
 - Level 4.0 Ice Magic


You had 2 spell levels left.
You knew the following spells:

 Your Spells              Type           Power      Damage    Failure   Level
a - Beastly Appendage     Tmut           86%        N/A       1%          1
b - Wereblood             Tmut           43%        N/A       1%          2
c - Spider Form           Tmut/Pois      24%        N/A       5%          3
d - Ice Form              Ice/Tmut       33%        N/A       9%          4
e - Irradiate             Conj/Tmut      16%        3d19      22%         5

Your spell library contained the following spells:

 Spells                   Type           Power      Damage    Failure   Level
 Sublimation of Blood     Necr           4%         N/A       14%         2
 Petrify                  Tmut/Erth      24%        N/A       19%         4
 Gell's Gravitas          Tloc           4%         N/A       28%         3
 Teleport Other           Tloc           4%         N/A       28%         3
 Iskenderun's Battlesphe  Conj           24%        2d8       45%         5
 Dispersal                Tloc           2%         N/A       100%        6
 Iron Shot                Conj/Erth      7%         9d2       100%        6
 Spellforged Servitor     Conj/Summ      7%         N/A       100%        7


Dungeon Overview and Level Annotations

Branches:
Dungeon (9/15)             Temple (1/1) D:5             Orc (0/2) D:9
   Lair: D:8-11

Altars:
Cheibriados
Dithmenos
Fedhas
Gozag
Hepliaklqana
Kikubaaqudgha
Makhleb
Nemelex Xobeh
Okawaru
Qazlal
Ru
Sif Muna
Trog
Uskayaw
Vehumet
Wu Jian
Xom
Yredelemnul
Zin
The Shining One


Innate Abilities, Weirdness & Mutations

You are a creature of crystalline ice.
You have a powerful freezing melee attack.
You are amphibious.
Your maximum health is increased.
Your armour is entirely melded.
You are incapable of wielding weapons or throwing items.
((You can breathe wild blasts of lightning.))
((Your glossy black scales are hard. (AC +7)))
You cannot fit into any form of body armour.
((You are resistant to electric shocks. (rElec)))
((You are cold-blooded and may be slowed by cold attacks.))


Message History

You kill the steam dragon!
Cheibriados appreciates the change of pace.
The steam dragon scales are intact enough to wear.
You are engulfed in a cloud of scalding steam.
A centaur warrior comes into view.
The howler monkey is engulfed in a cloud of scalding steam.
The howler monkey completely misses you.
You barely miss the howler monkey.
The howler monkey is moderately wounded.
The centaur warrior wields a +0 longbow.
The centaur warrior shoots an arrow.
The arrow misses you.
The howler monkey is engulfed in a cloud of scalding steam.
The howler monkey closely misses you.
Unknown command.
You hit the howler monkey but do no damage.
The howler monkey is heavily wounded.
You are engulfed in a cloud of scalding steam.
The howler monkey hoots and howls with incredible vigour!
You hear a howl!
You hear a shout! x4; You hear a loud, deep croak!
Unknown command.
You pummel the howler monkey!! You freeze the howler monkey.
You kill the howler monkey!
Cheibriados appreciates the change of pace.
You are engulfed in a cloud of scalding steam.
The centaur warrior shoots an arrow.
The arrow hits you!!
A howler monkey comes into view.
The centaur warrior shoots an arrow.
The arrow hits you!
The howler monkey hoots and howls with incredible vigour!
The centaur warrior shoots an arrow.
The arrow hits you.
The centaur warrior shoots an arrow.
The arrow hits you!!
You hear a shout!
Unknown command.
The centaur warrior shoots an arrow.
The arrow hits you!!
* * * LOW HITPOINT WARNING * * *
The centaur warrior shoots an arrow.
The arrow closely misses you.
The centaur warrior shoots an arrow.
The arrow hits you!!
* * * LOW HITPOINT WARNING * * *
You have got your breath back.
The centaur warrior shoots an arrow.
The arrow hits you!!
You die...

#########
#....:..#
#./.....###
#.........
#.......#
#.......#
#.....[.#####..
#.#c..Y...†....$.
........h........$
................##
.#######.#.####..#
#######.#.# (#
#.......#.. .
#.##########
#<..#.. ##.#'#.#


You could see a centaur warrior and a howler monkey.

Vanquished Creatures
  Harold (D:8)
  Pikel (D:4)
  Joseph (D:9)
  Sigmund (D:4)
  A vampire (D:9)
  4 yaks (D:9)
  Eustachio (D:3)
  3 steam dragons (D:9)
  Menkaure (D:5)
  An acid dragon (D:5)
  Edmund (D:4)
  Duvessa (D:4)
  3 black bears (D:6)
  2 sky beasts
  2 orc warriors
  A hornet zombie (D:8)
  5 necrophages
  4 ogres
  3 centaurs
  A kobold brigand (D:6)
  A lemure (D:4)
  A phantom (D:4)
  3 bullfrogs
  2 gnoll sergeants
  A water moccasin zombie (D:5)
  Dowan (D:4)
  4 killer bees (D:7)
  4 howler monkeys
  A bullfrog zombie (D:6)
  A jelly (D:6)
  9 orc priests
  4 hounds
  2 gnoll shamans
  7 iguanas
  9 orc wizards
  3 killer bee zombies
  A hound zombie (D:5)
  A hound skeleton (D:4)
  A howler monkey zombie (D:9)
  9 adders
  15 gnolls
  5 white imps
  An ufetubus (D:6)
  2 worms (D:2)
  3 dart slugs
  49 orcs
  8 ball pythons
  5 bats
  8 endoplasms
  4 giant cockroaches
  6 goblins
  7 hobgoblins
  2 jackals (D:2)
  7 quokkas
  2 frilled lizards (D:1)
  9 kobolds
  7 rats
243 creatures vanquished.

Vanquished Creatures (others)
  An orc (D:9)
1 creature vanquished.

Grand Total: 244 creatures vanquished

Notes
Turn   | Place    | Note
-------+----------+-------------------------------------------
     0 | D:1      | MisterFreud the Draconian Transmuter began the quest for
                  | the Orb.
     0 | D:1      | Reached XP level 1. HP: 16/16 MP: 3/3
   289 | D:1      | Reached XP level 2. HP: 22/23 MP: 5/5
  1271 | D:2      | Reached XP level 3. HP: 28/28 MP: 6/6
  2183 | D:2      | Reached XP level 4. HP: 34/35 MP: 5/7
  2369 | D:3      | Found a bloodstained altar of Trog.
  2369 | D:3      | Found a glowing silver altar of Zin.
  2994 | D:4      | Noticed Eustachio
  3000 | D:3      | Learned a level 2 spell: Wereblood
  3004 | D:3      | Learned a level 3 spell: Spider Form
  3030 | D:4      | Noticed Duvessa
  3030 | D:4      | Noticed Dowan
  3081 | D:3      | Reached skill level 5 in Transmutations
  3345 | D:4      | Reached XP level 5. HP: 36/41 MP: 1/8
  3546 | D:4      | Noticed a phantom
  3559 | D:3      | Killed Eustachio
  3560 | D:3      | Reached XP level 6. HP: 48/52 MP: 6/9
  4113 | D:4      | Found a faded altar of an unknown god.
  4129 | D:4      | Reached skill level 5 in Unarmed Combat
  4145 | D:4      | Your scales start taking on a glossy black colour.
  4145 | D:4      | Reached XP level 7. HP: 36/59 MP: 5/10
  4145 | D:4      | Gained mutation: You are resistant to electric shocks.
                  | (rElec) [Black Draconian growth]
  4458 | D:4      | Found a radiant altar of Vehumet.
  4485 | D:4      | Noticed Edmund
  4503 | D:4      | Killed Edmund
  4740 | D:4      | Noticed Sigmund
  4753 | D:4      | Killed Sigmund
  4984 | D:4      | Found an iron altar of Okawaru.
  4984 | D:4      | Found a burning altar of Makhleb.
  5047 | D:4      | Noticed Pikel
  5056 | D:4      | Killed Pikel
  5057 | D:4      | Reached XP level 8. HP: 35/66 MP: 7/11
  5062 | D:4      | Learned a level 4 spell: Ice Form
  5312 | D:4      | Killed Duvessa
  5313 | D:4      | Reached skill level 1 in Ice Magic
  5314 | D:4      | Killed Dowan
  5684 | D:5      | Entered Level 5 of the Dungeon
  6457 | D:5      | Noticed Menkaure
  6462 | D:5      | Killed Menkaure
  6463 | D:5      | Reached XP level 9. HP: 65/71 MP: 9/14
  6622 | D:5      | Found a stormy altar of Qazlal.
  6983 | D:5      | Found a staircase to the Ecumenical Temple.
  7003 | Temple   | Entered the Ecumenical Temple
  7527 | Temple   | Became a worshipper of Cheibriados the Contemplative
  8646 | D:6      | Reached * piety under Cheibriados
  9093 | D:6      | Reached skill level 5 in Fighting
  9104 | D:6      | Identified the ring "Vaoprio" {rF- AC+4 Str+3 Dex+5}
  9112 | D:6      | Reached ** piety under Cheibriados
  9173 | D:6      | Found a sacrificial altar of Ru.
  9198 | D:6      | Found a sparkling altar of Nemelex Xobeh.
  9985 | D:7      | Reached XP level 10. HP: 83/83 MP: 12/16
 10040 | D:7      | Found a hazy altar of Hepliaklqana.
 10187 | D:7      | Identified the ring of Satisfaction {Fly rF+ Will+ MP+9}
 10449 | D:7      | Found a blossoming altar of Fedhas.
 10650 | D:8      | Reached *** piety under Cheibriados
 10770 | D:8      | Found a basalt altar of Yredelemnul.
 10998 | D:8      | Noticed Harold
 11013 | D:8      | Killed Harold
 11020 | D:8      | Learned a level 5 spell: Irradiate
 11723 | D:9      | Reached skill level 1 in Conjurations
 11723 | D:9      | Noticed Joseph
 11749 | D:9      | Killed Joseph
 11763 | D:9      | Reached **** piety under Cheibriados
 12690 | D:9      | Found a staircase to the Orcish Mines.
 12721 | D:9      | Noticed a centaur warrior
 12726 | D:9      | HP: 1/105 [centaur warrior/arrow (19)]
 12727 | D:9      | Shot with an arrow by a centaur warrior

Illustrated notes

Levels and vault maps discovered:
D:1:      dpeg_arrival_pits, layout_basic
D:2:      layout_basic, lemuel_another_geyser
D:3:      layout_loops_cross, amethyst_overflow_temple_binary
D:4:      layout_cave_pods, lemuel_coloured_pillars_altar,
          gammafunk_temple_overflow_statue, serial_column_ruins,
          column_ruins_temple_circle, column_ruins_grid_3,
          column_ruins_open_small, column_ruins_grid_1, uniq_edmund, uniq_pikel,
          uniq_duvessa, uniq_eustachio, uniq_sigmund
D:5:      layout_loops_ring, mainiacjoe_overflow_surrounded_room,
          minmay_temple_entry_antechambers, kennysheep_generic_room_6,
          uniq_menkaure
D:6:      layout_basic, nemelex_dance_club_becter, general_overflow_altar,
          minmay_door_square, grunt_decor_clamped
D:7:      layout_layer_cave, kennysheep_mini_moat, mainiacjoe_overflow_paths
D:8:      layout_loops_ring, yredelemnul_altar_generic,
          nicolae_overflow_hidden_temple, uniq_harold
D:9:      layout_basic, hiddenorc1_lemuel, uniq_joseph
Temple:   compressed_dpeg_triangle_lava_temple

Skill      XL: |  1  2  3  4  5  6  7  8  9 10 |
---------------+-------------------------------+-----
Transmutations | 3 4 5 6 8 |  8.0
Fighting       | 2 4 6 8 |  8.0
Unarmed Combat | 5 6 7 8 |  8.0
Dodging        | 6 7 |  7.8
Ice Magic      | 3 4 |  4.0
Spellcasting   | 3 4 |  4.0
Conjurations   | 4 |  4.0

Action                   |  1- 3 |  4- 6 |  7- 9 | 10-12 || total
-------------------------+-------+-------+-------+-------++-------
Melee: Unarmed           |   174 |   126 |   365 |   145 ||   810
       Tailslap          |    12 |     7 |    15 |     2 ||    36
       Punch             |     4 |     3 |     6 |       ||    13
       Kick              |    13 |     9 |     4 |       ||    26
       Headbutt          |     7 |     3 |     2 |       ||    12
 Cast: Beastly Appendage |     9 |     7 |     3 |       ||    19
       Spider Form       |       |    10 |    19 |       ||    29
       Ice Form          |       |       |    17 |    16 ||    33
       Irradiate         |       |       |       |     2 ||     2
 Abil: Breathe Lightning |       |       |     6 |     1 ||     7
       End Transformatio |       |       |     2 |       ||     2
  Use: Scroll            |       |     3 |     4 |     4 ||    11
       Potion            |       |       |     1 |     2 ||     3
 Stab: Sleeping          |     2 |       |     1 |     2 ||     5
Armor: Skin              |    69 |    30 |   111 |    57 ||   267
Dodge: Dodged            |   137 |   134 |   331 |   146 ||   748
